 Dungeon Crawl Stone Soup version 0.21.1-1-g345015f (webtiles) character file.

142 bobthegiant the Cudgeler (level 5, -6/45 HPs)
             Began as a Minotaur Monk on Feb 22, 2018.
             Killed by divine providence
             ... invoked by an orc priest
              (16 damage)
             ... on level 3 of the Dungeon.
             The game lasted 00:05:54 (2259 turns).

bobthegiant the Cudgeler (Minotaur Monk)            Turns: 2259, Time: 00:05:55

Health: -6/45      AC:  5    Str: 17    XL:     5   Next: 4%
Magic:  4/4        EV: 12    Int:  7    God:
Gold:   87         SH:  0    Dex: 12    Spells: 4/4 levels left

rFire    . . .     SeeInvis .   a - +0 mace
rCold    . . .     Gourm    .   (no shield)
rNeg     . . .     Faith    .   i - +0 ring mail
rPois    .         Spirit   .   (helmet restricted)
rElec    .         Reflect  .   (no cloak)
rCorr    .         Harm     .   (no gloves)
MR       .....                  (no boots)
Stlth    +.........             (no amulet)
HPRegen  0.15/turn              (no ring)
MPRegen  0.09/turn              (no ring)

@: no status effects
A: retaliatory headbutt, horns 2
a: no special abilities


You were on level 3 of the Dungeon.
You were not hungry.

You visited 1 branch of the dungeon, and saw 3 of its levels.

You collected 87 gold pieces.

Inventory:

Hand Weapons
 a - a +0 mace (weapon)
Missiles
 e - 52 stones (quivered)
 f - 31 poisoned needles
Armour
 b - a +0 robe
 i - a +0 ring mail (worn)
 m - a +0 buckler
Scrolls
 d - 4 scrolls of identify {unknown}
 j - 2 scrolls of teleportation {unknown}
Potions
 h - a potion of haste {unknown}
 k - a potion of mutation {unknown}
 l - a potion of brilliance {unknown}
Books
 n - a book of Changes

   Spells                             Type                      Level
   a - Beastly Appendage              Transmutation                1
   b - Sticks to Snakes               Transmutation                2
   c - Spider Form                    Transmutation/Poison         3
   d - Ice Form                       Ice/Transmutation            4
   e - Blade Hands                    Transmutation                5
Comestibles
 c - a ration
 g - 4 chunks of flesh


   Skills:
 - Level 3.6 Fighting
 + Level 7.0 Maces & Flails
 - Level 3.2 Dodging
 - Level 1.5 Stealth


You had 4 spell levels left.
You didn't know any spells.

Dungeon Overview and Level Annotations

Branches:
Dungeon (3/15)

Altars:
Ashenzari
Cheibriados
Trog
Uskayaw
Xom
The Shining One


Innate Abilities, Weirdness & Mutations

You reflexively headbutt those who attack you in melee.
You have a pair of horns on your head.


Message History

The orc wizard flickers and vanishes!
Deactivating autopickup; reactivate with Ctrl-A.
The orc priest hits you.
You hit the orc priest. Your headbutt misses the orc priest.
The orc priest is almost dead.
The orc priest closely misses you.
You closely miss the orc priest.
You kill the orc priest!
Your Maces & Flails skill increases to level 7!
You have reached level 5!
You hit something. Something hits you.
You hear some strange, mumbled words.
A magic dart appears from out of thin air!
The magic dart hits you!
* * * LOW HITPOINT WARNING * * *
You hit something but do no damage. You headbutt something.
Something hits you but does no damage.
The orc priest calls down the wrath of Beogh upon you.
Beogh smites you!
You die...

# # # #############
............###
#####.#####.#.#########.
# #..........†@)o..... #
######..#.#####.###. #
#..### # #..# # #..# #
#..# #..# #).# #..#####


You could see an orc priest.

Vanquished Creatures
  An orc priest (D:3)
  Terence (D:2)
  3 adders
  A worm (D:2)
  3 dart slugs
  3 leopard geckos
  3 orcs
  6 goblins
  5 hobgoblins
  2 jackals (D:1)
  4 kobolds
  A quokka (D:3)
  8 bats
  7 rats
48 creatures vanquished.

Notes
Turn   | Place    | Note
-------+----------+-------------------------------------------
     0 | D:1      | bobthegiant the Minotaur Monk began the quest for the Orb.
     0 | D:1      | Reached XP level 1. HP: 19/19 MP: 0/0
    79 | D:1      | Reached skill level 4 in Maces & Flails
   379 | D:1      | Reached XP level 2. HP: 25/26 MP: 1/1
  1104 | D:2      | Reached skill level 5 in Maces & Flails
  1118 | D:2      | Reached XP level 3. HP: 26/31 MP: 2/2
  1219 | D:2      | Found a glowing golden altar of the Shining One.
  1219 | D:2      | Found a bloodstained altar of Trog.
  1223 | D:2      | Found a shimmering altar of Xom.
  1223 | D:2      | Found a snail-covered altar of Cheibriados.
  1223 | D:2      | Found a shattered altar of Ashenzari.
  1224 | D:2      | Found a hide-covered altar of Uskayaw.
  1459 | D:2      | Noticed Terence
  1476 | D:2      | Killed Terence
  1476 | D:2      | Reached skill level 6 in Maces & Flails
  1476 | D:2      | Reached XP level 4. HP: 34/39 MP: 3/3
  2257 | D:3      | Reached skill level 7 in Maces & Flails
  2257 | D:3      | Reached XP level 5. HP: 17/45 MP: 4/4
  2259 | D:3      | Killed from afar by an orc priest

Skill      XL: |  1  2  3  4 |
---------------+-------------+-----
Maces & Flails | 4 5 6 7 |  7.0
Fighting       | |  3.6
Dodging        | |  3.2
Stealth        | |  1.5

Action                   |  1- 3 |  4- 6 || total
-------------------------+-------+-------++-------
Melee: Mace              |    70 |    41 ||   111
       Headbutt          |    11 |     6 ||    17
Throw: Stone             |     1 |       ||     1
 Stab: Sleeping          |     2 |       ||     2
  Eat: Chunk             |     2 |     2 ||     4
Armor: Robe              |     7 |       ||     7
       Ring mail         |    10 |    22 ||    32
Dodge: Dodged            |    43 |    29 ||    72
